 Dungeon Crawl Stone Soup version 0.25.0-1-g7eea58d2a3 (webtiles) character file.

Game seed: 13000167790828049810

340 tilp the Conjurer (level 6, -2/30 HPs)
             Began as a Vine Stalker Wizard on June 13, 2020.
             Was a Follower of Cheibriados.
             Slain by a sky beast (5 damage)
             ... on level 3 of the Dungeon.
             The game lasted 00:06:18 (4286 turns).

tilp the Conjurer (Vine Stalker Wizard)             Turns: 4286, Time: 00:06:19

Health: -2/30      AC:  2    Str: 12    XL:     6   Next: 56%
Magic:  0/13       EV: 16    Int: 22    God:    Cheibriados [*.....]
Gold:   191        SH:  0    Dex: 14    Spells: 6/13 levels left

rFire    . . .     SeeInvis .   a - +2 dagger (freeze)
rCold    . . .     Gourm    .   (no shield)
rNeg     . . .     Faith    .   e - +0 robe
rPois    .         Spirit   +   b - +0 hat
rElec    .         Reflect  .   (no cloak)
rCorr    .         Harm     .   (no gloves)
MR       .....                  (no boots)
Stlth    +++.......             (no amulet)
HPRegen  0.50/turn              l - ring of flight
MPRegen  0.13/turn              m - +4 ring of evasion

@: very slow
A: fangs 2, regeneration 1, magic shield, antimagic bite, no potion heal 3, rot
immunity
a: Bend Time, Renounce Religion, Evoke Flight


You were on level 3 of the Dungeon.
You worshipped Cheibriados.
Cheibriados was aware of your devotion.
You were not hungry.

You visited 1 branch of the dungeon, and saw 3 of its levels.

You collected 191 gold pieces.

Inventory:

Hand Weapons
 a - a +2 dagger of freezing (weapon)
Missiles
 h - 56 stones (quivered)
Armour
 b - a +0 hat (worn)
 e - a +0 robe (worn)
 x - a +0 chain mail
 y - a +0 scale mail
Jewellery
 l - a ring of flight (left hand)
 m - a +4 ring of evasion (right hand)
 D - an uncursed amulet of reflection {unknown}
Scrolls
 j - a scroll of magic mapping {unknown}
 k - a scroll of remove curse
 n - a scroll of noise {unknown}
 p - a scroll of amnesia {unknown}
 t - 2 scrolls of identify {unknown}
 v - a scroll of fear {unknown}
 A - a scroll of teleportation {unknown}
Potions
 d - 2 potions of resistance {unknown}
 f - a potion of lignification {unknown}
 g - a potion of invisibility {unknown}
 i - a potion of stabbing {unknown}
 o - a potion of mutation {unknown}
 q - a potion of heal wounds {unknown}
 r - a potion of degeneration {unknown}
 s - a potion of might {unknown}
 u - a potion of curing {unknown}
 w - a potion of haste {unknown}
 B - a potion of flight {unknown}
 C - 2 potions of ambrosia {unknown}
Comestibles
 c - 5 rations
 z - 2 chunks of flesh


   Skills:
 - Level 2.0 Fighting
 - Level 2.0 Dodging
 - Level 4.0 Stealth
 + Level 4.3 Spellcasting
 + Level 4.3 Conjurations
 - Level 1.0 Summonings
 - Level 1.0 Translocations


You had 6 spell levels left.
You knew the following spells:

 Your Spells              Type           Power        Failure   Level  Hunger
a - Magic Dart            Conj           ###.         1%          1    None
b - Blink                 Tloc           N/A          11%         2    #......
c - Call Imp              Summ           #.......     11%         2    #......
d - Slow                  Hex            #.......     16%         2    #......

Your spell library contained the following spells:

 Spells                   Type           Power        Failure   Level  Hunger
 Conjure Flame            Conj/Fire      ##......     13%         3    ##.....
 Mephitic Cloud           Conj/Pois/Air  ##......     19%         3    ##.....


Dungeon Overview and Level Annotations

Branches:
Dungeon (3/15)

Altars:
Cheibriados


Innate Abilities, Weirdness & Mutations

You have extremely sharp teeth.
Your natural rate of healing is unusually fast.
When hurt, damage is shared between your health and your magic reserves.
Your bite disrupts and absorbs the magic of your enemies.
Potions cannot restore your health.
You are immune to rotting.


Message History

Aim: a sky beast (lightly wounded)
The magic dart hits the sky beast.
The sky beast is lightly wounded.
The sky beast hits you. The sky beast shocks you.
You aren't carrying any items that you can evoke.
You closely miss the sky beast. Your bite misses the sky beast.
The sky beast is lightly wounded.
The sky beast hits you.
* * * LOW HITPOINT WARNING * * *
The sky beast shocks you.
* * * LOW HITPOINT WARNING * * *
You hit the sky beast but do no damage. Your bite misses the sky beast.
The sky beast is lightly wounded.
The sky beast barely misses you.
The sky beast flickers out of sight!
Deactivating autopickup; reactivate with Ctrl-A.
Something hits you.
* * * LOW HITPOINT WARNING * * *
Something shocks you.
You die...

...#.. #
#.###.#.# . ..
.# #....÷..#
#.#. .#
######..#
####.#.## ..
#..#
........####...
.# #..#
#..........# .#
#######..##
#....# .#
#..........
#....########.#
#.#####..##
#..#..†...†{@.#
#.# #..##
##...###.######
#.# #.... #####
#.##########.#
#....
#........>...#
#####
##############


There were no monsters in sight!

Vanquished Creatures
  A howler monkey (D:3)
  3 orc priests
  2 worker ants (D:3)
  7 adders
  2 oozes (D:1)
  3 worms
  3 dart slugs
  A leopard gecko (D:3)
  10 orcs
  A ball python (D:1)
  10 bats
  2 giant cockroaches (D:2)
  7 goblins
  8 hobgoblins
  4 jackals (D:1)
  7 kobolds
  A frilled lizard (D:1)
  8 rats
80 creatures vanquished.

Vanquished Creatures (collateral kills)
  An orc (D:3)
1 creature vanquished.

Grand Total: 81 creatures vanquished

Notes
Turn   | Place    | Note
-------+----------+-------------------------------------------
     0 | D:1      | tilp the Vine Stalker Wizard began the quest for the Orb.
     0 | D:1      | Reached XP level 1. HP: 9/9 MP: 5/5
   242 | D:1      | Reached XP level 2. HP: 3/13 MP: 1/7
  1133 | D:1      | Reached XP level 3. HP: 16/16 MP: 2/8
  1137 | D:1      | Learned a level 2 spell: Blink
  1140 | D:1      | Learned a level 2 spell: Call Imp
  1143 | D:1      | Learned a level 2 spell: Slow
  2365 | D:2      | Gained mutation: Your natural rate of healing is unusually
                  | fast. [Vine Stalker growth]
  2365 | D:2      | Reached XP level 4. HP: 21/21 MP: 4/9
  2982 | D:2      | Reached XP level 5. HP: 20/25 MP: 3/11
  3086 | D:3      | Reached skill level 1 in Fighting
  3283 | D:3      | Found a snail-covered altar of Cheibriados.
  3348 | D:3      | Became a worshipper of Cheibriados the Contemplative
  3581 | D:3      | Reached XP level 6. HP: 22/30 MP: 5/13
  3757 | D:3      | Reached * piety under Cheibriados
  4264 | D:3      | Noticed a sky beast
  4286 | D:3      | Slain by a sky beast

Illustrated notes

Levels and vault maps discovered:
D:1:      dpeg_arrival_radiant, layout_basic, kennysheep_doodads
D:2:      layout_rooms
D:3:      layout_loops_ring, kennysheep_slug_shrine, uniq_natasha

Skill      XL: |  1  2  3  4  5  6 |
---------------+-------------------+-----
Conjurations   | 2 3 4 |  4.3
Stealth        | 3 4 |  4.0
Fighting       | 1 2 |  2.0
Dodging        | 2 |  2.0
Spellcasting   | 4 |  4.3
Summonings     | |  1.0
Translocations | |  1.0

Action                   |  1- 3 |  4- 6 || total
-------------------------+-------+-------++-------
Melee: Short sword       |    27 |    52 ||    79
       Bite              |     5 |    19 ||    24
       Dagger            |       |     7 ||     7
 Cast: Magic Dart        |    65 |   134 ||   199
       Call Imp          |       |     2 ||     2
       Blink             |       |     1 ||     1
  Use: Scroll            |     3 |       ||     3
 Stab: Sleeping          |     5 |     5 ||    10
  Eat: Chunk             |     4 |     6 ||    10
Armor: Robe              |     6 |    14 ||    20
Dodge: Dodged            |    33 |    88 ||   121
